AoeStats
← thenewt7

Northern Isles

510502214Analyzed
1v1 RM · 14h ago on Oct 1, 2026· 58m 37s· 2 players
Game mode
Random Map
Map size
Tiny (2 player)
Population
200
Speed
Normal
Resources
Standard
Victory
Conquest
Starting age
Dark Age
Ending age
Imperial Age
RankedLock teamsTeams togetherTeam positionsShared explorationLock speedFull tech treeHidden civsTurbo modeCheats
Victory
Defeat
🇺🇸 Varangians · United States
939
+17
🇬🇧 Japanese · United Kingdom
961
-17
thenewt7
0:43 Loom
13:10 Feudal Age
13:39 Fishing Lines
18:02 Castle Age
16:16 Fletching
16:27 Padded Archer Armor
17:07 Double-Bit Axe
17:47 Horse Collar
26:15 Bodkin Arrow
29:07 Gillnets
29:29 Medium Warships
36:42 Imperial Age
36:24 Forging
36:20 Scale Barding Armor
37:05 Elite Longship
38:11 Heavy Warships
38:53 Iron Casting
39:04 Gothikon
45:25 Blast Furnace
44:26 Scale Mail Armor
44:06 Elite Varangian Guard
44:31 Arson
44:47 Squires
44:33 Gambesons
49:28 Bow Saw
50:27 Chain Mail Armor
53:38 Plate Mail Armor
55:52 Elite Jarl
57:20 Wheelbarrow
56:30 Town Watch
56:48 Bracer
57:09 Chain Barding Armor
Green
7:05 Loom
12:21 Feudal Age
13:07 Double-Bit Axe
13:37 Fishing Lines
19:17 Castle Age
19:56 Scale Mail Armor
20:07 Forging
19:48 Fletching
21:19 Gold Mining
22:14 Bow Saw
22:43 Yasama
23:21 Town Watch
26:26 Bodkin Arrow
26:47 Chain Mail Armor
30:53 Gold Shaft Mining
31:04 Coinage
31:59 Guard Tower
32:30 Ballistics
33:11 Iron Casting
32:40 Horse Collar
37:25 Wheelbarrow
37:03 Stone Mining
41:00 Medium Warships
40:42 Gillnets
41:31 Hand Cart
41:16 Town Patrol
46:26 Imperial Age
48:15 Heavy Warships
48:19 Arrowslits
48:49 Careening
49:41 Chemistry
49:06 Shipwright
48:58 Clinker Construction
50:09 Conscription
50:09 Bracer
51:10 Blast Furnace
50:40 Plate Mail Armor
50:58 Elite Samurai
Connection lost

Rejoining the realm…

Still unreachable

The connection could not be restored.

Session expired

The server has moved on; the page needs a fresh start.